 Dungeon Crawl Stone Soup version 0.31.0-10-gcf4a605ca0 (webtiles) character file.

Game seed: 17156418248061684981

1024 Gadfly the Ruffian (level 8, -1/69 HPs)
             Began as a Purple Draconian Shapeshifter on Jan 26, 2024.
             Killed from afar by an orc wizard (9 damage)
             ... with a puff of flame
             ... on level 6 of the Dungeon.
             The game lasted 00:09:40 (4411 turns).

Gadfly the Ruffian (Purple Draconian Shapeshifter)  Turns: 4411, Time: 00:09:41

Health: -1/69      AC:  6    Str: 19    XL:     8   Next: 2%
Magic:  0/8        EV: 13    Int: 14    God:
Gold:   213        SH:  0    Dex: 15    Spells: 4/7 levels left

rFire   . . .        b - +1 short sword (elec)
rCold   . . .        (no shield)
rNeg    . . .        (body armour unavailable)
rPois   .            (helmet currently unavailable)
rElec   .            (cloak currently unavailable)
rCorr   .            (gloves currently unavailable)
SInv    .            (boots currently unavailable)
Will    +....        l - amulet of guardian spirit
Stlth   +            q - +6 ring of dexterity
HPRegen 0.31/turn    (no ring)
MPRegen 0.11/turn

%: guardian spirit
@: beast-form, flying
A: beast (slay +2), flying, breathe power, AC +6, unfitting armour,
cold-blooded, big wings, clever 1, robust 1, persistent drain
a: Breathe Dispelling Energy, Begin Untransformation


You were on level 6 of the Dungeon.
You were a hulking beast.
You visited 2 branches of the dungeon, and saw 7 of its levels.

You collected 407 gold pieces.
You spent 194 gold pieces at shops.

Inventory:

Hand Weapons
 b - a +1 short sword of electrocution (weapon)
 v - a +2 dagger of draining
Jewellery
 l - an amulet of guardian spirit (around neck)
 q - a +6 ring of dexterity (left hand)
 x - a ring of wizardry
Talismans
 c - a flux talisman
 d - a beast talisman
 o - a maw talisman
Wands
 t - a wand of flame (12) (quivered)
Scrolls
 j - 2 scrolls of teleportation
 k - a scroll of enchant armour
 n - a scroll of fear
 p - 2 scrolls of vulnerability
 r - a scroll of blinking
 w - a scroll of torment
Potions
 a - 2 potions of lignification
 e - a potion of curing
 f - a potion of magic {unknown}
 g - 2 potions of haste
 h - a potion of mutation
 i - a potion of attraction
 m - 2 potions of resistance
 s - a potion of might {unknown}
 u - 2 potions of heal wounds


   Skills:
 + Level 3.4 Fighting
 * Level 4.3 Dodging
 * Level 5.2 Unarmed Combat
 * Level 4.4 Evocations
 * Level 5.0 Shapeshifting


You had 4 spell levels left.
You knew the following spells:

 Your Spells              Type           Power      Damage    Failure   Level
a - Swiftness             Air            0%         N/A       65%         3

Your spell library contained the following spells:

 Spells                   Type           Power      Damage    Failure   Level
 Ensorcelled Hibernation  Hex/Ice        0%         N/A       41%         2
 Passwall                 Erth           0%         N/A       65%         3


Dungeon Overview and Level Annotations

Branches:
Dungeon (6/15)             Temple (1/1) D:4

Altars:
Ashenzari
Cheibriados
Dithmenos
Elyvilon
Fedhas
Gozag
Kikubaaqudgha
Makhleb
Okawaru
Qazlal
Sif Muna
Trog
Uskayaw
Vehumet
Wu Jian
Zin
The Shining One

Shops:
D:2 *(*==   D:4 *


Innate Abilities, Weirdness & Mutations

You are a hulking beast.
Your limbs bulge with bestial killing power. (Slay +2)
You are flying.
You can breathe bolts of dispelling energy.
Your rich purple scales are hard. (AC +6)
You cannot fit into any form of body armour.
You are cold-blooded and may be slowed by cold attacks.
Your large and strong wings let you fly.
Your mind is acute. (Int +4, Str/Dex -1)
You are robust. (+10% HP)
Your health recovers twice as slowly from being drained.


Message History

You hit the orc priest.
The orc priest is severely wounded.
You feel sick. Something hits you but does no damage.
The orc priest hits you but does no damage.
Something hits you but does no damage.
You hit the orc priest.
The orc priest is severely wounded.
You feel sick.
You hear some strange, mumbled words.
Something tries to affect you, but you resist.
The orc barely misses you. Something hits you.
The orc priest hits you with a +0 hand axe.
* * * LOW HITPOINT WARNING * * *
Something barely misses you.
You hit the orc priest. Your punch misses the orc priest.
The orc priest is almost dead.
You feel sick. The orc closely misses you. Something hits you.
* * * LOW HITPOINT WARNING * * *
The orc priest calls down the wrath of Beogh upon you.
Pain shoots through your body!
* * * LOW HITPOINT WARNING * * *
Something hits you.
* * * LOW HITPOINT WARNING * * *
An orc wizard comes into view. It is wielding a +0 dagger.
Something hits you but does no damage.
You puncture the orc priest!
Lightning courses through the orc priest!!
You kill the orc priest!
You feel sick. Something hits you.
* * * LOW HITPOINT WARNING * * *
The orc barely misses you. Something hits you.
Something hits you but does no damage.
You have reached level 8!
You feel stronger.
You feel better. Something hits you.
* * * LOW HITPOINT WARNING * * *
You hear some strange, mumbled words.
A puff of flame appears from out of thin air!
The puff of flame hits you!
You die...

.......####......#
#'#......#...#...#.....
..#......#...#.###o....
..#......#..##.#......
..#......#..####.....
..#......#..# ##...#
..#......#..###....###..
..#......##.##...{......
..###.....#....oh)......
....#.....#......{......
....#...#####...........
....#...................
....#...................
....#....#.#............
.......#.....#..........
####......#......###<##.
...#..#.#...#.#..#


You could see an orc wizard and an orc.

Vanquished Creatures
  Eustachio (D:6)
  An orc warrior (D:6)
  An ogre (D:4)
  A centaur (D:5)
  A phantom (D:6)
  A scorpion (D:4)
  2 hounds (D:5)
  A bombardier beetle (D:4)
  A jelly (D:5)
  An orc priest (D:6)
  5 iguanas
  2 orc wizards (D:6)
  3 gnolls (D:5)
  6 adders
  A white imp (D:5)
  6 dart slugs
  3 ribbon worms
  An orc (D:4)
  3 ball pythons
  5 bats
  3 endoplasms
  8 giant cockroaches
  7 goblins
  8 hobgoblins
  4 jackals (D:3)
  2 quokkas
  4 frilled lizards
  5 kobolds
  7 rats
  A spectral kobold (D:2)
95 creatures vanquished.

Notes
Turn   | Place    | Note
-------+----------+-------------------------------------------
     0 | D:1      | Gadfly the Draconian Shapeshifter began the quest for the
                  | Orb.
     0 | D:1      | Reached XP level 1. HP: 16/16 MP: 1/1
     6 | D:1      | Noticed a killer bee
     6 | D:1      | Noticed a lindwurm
     7 | D:1      | Noticed a komodo dragon
     7 | D:1      | Noticed a black bear
    79 | D:1      | Reached XP level 2. HP: 18/23 MP: 2/2
   435 | D:2      | Found Giziodi's Jewellery Shoppe.
   465 | D:2      | Reached skill level 1 in Evocations
   485 | D:2      | Found Lielo's Antique Weapon Emporium.
   524 | D:2      | Found Iriy's General Store.
   544 | D:2      | Reached XP level 3. HP: 27/28 MP: 3/3
   557 | D:2      | Bought a scroll of teleportation for 30 gold pieces
   795 | D:2      | Found Atempi's Jewellery Shop.
   801 | D:2      | Found a faded altar of an unknown god.
   882 | D:2      | Found Diqiw's Assorted Antiques.
   921 | D:2      | Bought a scroll labelled IHIULE WARAZO for 19 gold pieces
   921 | D:2      | Bought a grey potion for 17 gold pieces
  1189 | D:3      | Reached XP level 4. HP: 35/35 MP: 4/4
  1566 | D:3      | Found a glowing silver altar of Zin.
  1567 | D:3      | Found an iron altar of Okawaru.
  1567 | D:3      | Found a snail-covered altar of Cheibriados.
  1582 | D:3      | Found a broken altar of Ashenzari.
  2157 | D:4      | Noticed an ogre
  2172 | D:4      | Killed an ogre
  2173 | D:4      | Reached XP level 5. HP: 28/41 MP: 3/5
  2429 | D:4      | Found Sicwiopp's Assorted Antiques.
  2442 | D:4      | Reached XP level 6. HP: 44/49 MP: 4/6
  2443 | D:4      | Bought a scroll labelled YQISONACEM for 27 gold pieces
  2443 | D:4      | Bought a scroll labelled SISHA VETEPLA for 27 gold pieces
  2443 | D:4      | Bought a fuming blue potion for 24 gold pieces
  2445 | D:4      | Gained mutation: Your large and strong wings let you fly.
                  | [potion of mutation]
  2445 | D:4      | Gained mutation: Your health recovers twice as slowly from
                  | being drained. [potion of mutation]
  2445 | D:4      | Gained mutation: You are robust. (+10% HP) [potion of
                  | mutation]
  2445 | D:4      | Gained mutation: Your mind is acute. (Int +4, Str/Dex -1)
                  | [potion of mutation]
  2646 | D:4      | Found a staircase to the Ecumenical Temple.
  2687 | D:4      | Found a blossoming altar of Fedhas.
  2704 | Temple   | Entered the Ecumenical Temple
  3020 | D:2      | Learned a level 3 spell: Swiftness
  3075 | D:5      | Entered Level 5 of the Dungeon
  3192 | D:5      | Found a shadowy altar of Dithmenos.
  3365 | D:5      | Found a hide-covered altar of Uskayaw.
  3419 | D:5      | Your scales start taking on a rich purple colour.
  3419 | D:5      | Reached XP level 7. HP: 32/61 MP: 2/7
  3820 | D:2      | Bought a potion of heal wounds for 50 gold pieces
  3906 | D:6      | Found a radiant altar of Vehumet.
  3995 | D:6      | Found a bloodstained altar of Trog.
  4012 | D:6      | Noticed Eustachio
  4046 | D:6      | Killed Eustachio
  4096 | D:6      | Found a stormy altar of Qazlal.
  4126 | D:6      | Reached skill level 5 in Unarmed Combat
  4261 | D:6      | Found an opulent altar of Gozag.
  4318 | D:6      | Reached skill level 5 in Shapeshifting
  4411 | D:6      | Reached XP level 8. HP: 4/69 MP: 0/8
  4411 | D:6      | Killed from afar by an orc wizard

Illustrated notes

Levels and vault maps discovered:
D:1:      onia_arrival_zoo_common, layout_rooms
D:2:      layout_rooms, serial_shops, shop, shop, nicolae_shop_window_shopping,
          shop, nicolae_shop_advertising_works [nicolae_subvault_shop_adworks],
          dreamdust_ecumenical_altar_drowned_temple,
          hangedman_decor_clover_reticule, grunt_decor_one_mirror
D:3:      minmay_wonky_spiral, layout_loops_ring,
          mainiacjoe_overflow_cross_hatched,
          chequers_temple_overflow_statue_of_worship
D:4:      layout_basic, mainiacjoe_overflow_catwalk, temple_doors_e,
          serial_shops, shop, chequers_serial_rivers_room_b, solitary_fountain,
          nrook_campfire, grunt_ministairs_12
D:5:      layout_cave_pools, nicolae_uskayaw_murder_on_the_dancefloor,
          overflow_temple_1_default
D:6:      minmay_flawed_box, layout_gridville, bloody_trog,
          amcnicky_altar_gilded, mainiacjoe_overflow_alcove_1,
          nicolae_vehumet_radiance, uniq_eustachio
Temple:   hellmonk_temple_rainy

Skill      XL: |  1  2  3  4  5  6  7 |
---------------+----------------------+-----
Dodging        | 2 3 4 |  4.3
Evocations     | 1 2 3 4 |  4.4
Fighting       | 2 3 |  3.4
Unarmed Combat | 4 5 |  5.2
Shapeshifting  | 4 5 |  5.0

Action                     |  1- 3 |  4- 6 |  7- 9 || total
---------------------------+-------+-------+-------++-------
  Melee: Unarmed           |   125 |   138 |    12 ||   275
         Tailslap          |    11 |    17 |     8 ||    36
         Punch             |       |     3 |     3 ||     6
         Short sword       |       |       |    59 ||    59
Ability: Breathe Dispellin |       |       |     1 ||     1
  Evoke: Wand              |       |       |     5 ||     5
    Use: Scroll            |     6 |     5 |       ||    11
         Potion            |     1 |     2 |     2 ||     5
   Stab: Sleeping          |       |     4 |       ||     4
 Armour: Skin              |    60 |    72 |    75 ||   207
  Dodge: Dodged            |    57 |    92 |    50 ||   199
